 Dungeon Crawl Stone Soup version 0.28.0-45-g0d030f2227 (webtiles) character file.

Game seed: 17670020670896578914

5 NinjaNoafa the Chopper (level 1, -2/20 HPs)
             Began as a Hill Orc Cinder Acolyte on Apr 15, 2022.
             Was a High Priest of Ignis.
             Slain by a quokka (4 damage)
             ... on level 1 of the Dungeon.
             The game lasted 00:00:35 (207 turns).

NinjaNoafa the Chopper (Hill Orc Cinder Acolyte)     Turns: 207, Time: 00:00:36

Health: -2/20      AC:  2    Str: 16    XL:     1   Next: 80%
Magic:  2/2        EV: 11    Int: 14    God:    Ignis [*****.]
Gold:   6          SH:  0    Dex:  6    Spells: 2/2 levels left

rFire   + . .      SeeInvis .   a - -1 hand axe (flame)
rCold   . . .      Faith    .   (no shield)
rNeg    . . .      Spirit   .   b - +0 robe
rPois   .          Reflect  .   (no helmet)
rElec   .          Harm     .   (no cloak)
rCorr   .          Rampage  .   (no gloves)
Will    .....                   (no boots)
Stlth   +.........              (no amulet)
HPRegen 0.06/turn               (no ring)
MPRegen 0.08/turn               (no ring)

@: no status effects
A: no striking features
a: Renounce Religion, Fiery Armour, Foxfire Swarm, Rising Flame


You were on level 1 of the Dungeon.
You worshipped Ignis.
Ignis was extremely pleased with you.
You visited 1 branch of the dungeon, and saw 1 of its levels.

You collected 6 gold pieces.

Inventory:

Hand Weapons
 a - a -1 hand axe of flaming (weapon)
Armour
 b - a +0 robe (worn)
Magical Staves
 e - a staff of death
Scrolls
 d - a scroll of teleportation {unknown}
Potions
 c - a potion of brilliance {unknown}


   Skills:
 + Level 3.7 Fighting
 + Level 4.1 Axes
 + Level 1.1 Spellcasting
 + Level 3.4 Fire Magic


You had 2 spell levels left.
You didn't know any spells.
Your spell library contained the following spells:

 Spells                   Type           Power      Damage    Failure   Level
 Scorch                   Fire           20%        2d6       10%         2


Dungeon Overview and Level Annotations

Branches:
Dungeon (1/15)

Altars:


Message History

Found a thin jewelled staff.
A frilled lizard comes into view.
The frilled lizard hisses angrily.
You see here a staff of death.
You miss the frilled lizard. The frilled lizard bites you.
You slash the frilled lizard! You burn the frilled lizard.
You kill the frilled lizard!
You see here a staff of death.
e - a staff of death A ball python comes into view.
The ball python hisses angrily.
A goblin comes into view. It is wielding a +0 club.
A quokka comes into view.
You barely miss the ball python. The ball python bites you.
The ball python barely misses you.
You hit the ball python. You burn the ball python.
The ball python is severely wounded.
The ball python bites you. The ball python grabs you.
The ball python constricts you. The ball python bites you.
The ball python constricts you.
You slash the ball python! You burn the ball python.
You kill the ball python!
You don't know any spells.
Okay, then.
You miss the quokka. The quokka completely misses you.
You hit the quokka but do no damage. The quokka bites you. x2
You completely miss the quokka. The quokka bites you.
You hit the quokka. You burn the quokka.
The quokka is heavily wounded.
The quokka bites you.
* * * LOW HITPOINT WARNING * * *
You closely miss the quokka.
The quokka is heavily wounded.
The quokka misses you. The quokka bites you.
* * * LOW HITPOINT WARNING * * *
The quokka bites you.
* * * LOW HITPOINT WARNING * * *
The quokka bites you but does no damage.
The quokka bites you.
You die...

#......# #######
#......###.....##
#......##..###...
#.........## ####
#.......###
..####.......#
...........##
#.###...g...####
##....@r......_.#
.................#
###.############.#######
.. ####.##..... . #####
#........... #...#
#........### #.<.#
#.....#....# #...#
#........... #...#
#.....#.....


You could see a quokka and a goblin.

Vanquished Creatures
  A ball python (D:1)
  A bat (D:1)
  A frilled lizard (D:1)
  3 goblins (D:1)
6 creatures vanquished.

Notes
Turn   | Place    | Note
-------+----------+-------------------------------------------
     0 | D:1      | NinjaNoafa the Hill Orc Cinder Acolyte began the quest for
                  | the Orb.
     0 | D:1      | Reached XP level 1. HP: 19/19 MP: 2/2
   144 | D:1      | Found a faded altar of an unknown god.
   198 | D:1      | HP: 1/20 [quokka (3)]
   207 | D:1      | Slain by a quokka

Illustrated notes

Levels and vault maps discovered:
D:1:      dpeg_arrival_erosion, layout_rooms, basic_ecumenical_altar,
          minmay_3d_cube

Action                   || total
-------------------------++-------
Melee: Hand axe          ||    22
Armor: Robe              ||     6
Dodge: Dodged            ||    14
